 Dungeon Crawl Stone Soup version 0.19.1-1-g22dce08 (webtiles) character file.

406 galech the Cudgeler (level 6, -3/100 HPs)
             Began as an Ogre Berserker on Jan 6, 2017.
             Was a Believer of Trog.
             Slain by a killer bee (7 damage)
             ... on level 3 of the Dungeon.
             The game lasted 00:07:07 (4494 turns).

galech the Cudgeler (Ogre Berserker)                Turns: 4494, Time: 00:07:08

Health: -3/100     AC:  3    Str: 30    XL:     6   Next: 87%
Magic:  6/6        EV: 11    Int:  6    God:    Trog [**....]
Gold:   84         SH:  0    Dex:  9    Spells: 0 memorised, 5 levels left

rFire  . . .     SeeInvis .     a - +0 mace
rCold  . . .     Gourm    .     b - +0 animal skin
rNeg   . . .     Faith    .     (no shield)
rPois  .         Spirit   .     (helmet restricted)
rElec  .         Reflect  .     (no cloak)
rCorr  .         Harm     .     (gloves unavailable)
MR     .....                    (boots unavailable)
Stlth  ..........               (no amulet)
                                (no ring)
                                (no ring)

@: berserking, lethally poisoned (-3 -> -13), very quick
A: unfitting armour, tough skin 1
a: Berserk, Trog's Hand, Burn Spellbooks, Renounce Religion


You were on level 3 of the Dungeon.
You worshipped Trog.
Trog was pleased with you.
You were very hungry.

You visited 1 branch of the dungeon, and saw 4 of its levels.

You collected 84 gold pieces.

Inventory:

Hand Weapons
 a - a +0 mace (weapon)
Armour
 b - a +0 animal skin (worn)
Wands
 n - a wand of paralysis (0/24)
Scrolls
 d - 2 scrolls of enchant weapon {unknown}
 h - 4 scrolls of identify {unknown}
 i - 2 scrolls of fog {unknown}
 k - 2 scrolls of immolation {unknown}
 l - 2 scrolls of teleportation {unknown}
 o - a scroll of amnesia {unknown}
 p - a scroll of enchant armour {unknown}
 q - a scroll of remove curse {unknown}
Potions
 e - 2 potions of heal wounds
Comestibles
 c - a bread ration
 f - 3 meat rations
 j - a royal jelly
 m - a slice of pizza


   Skills:
 + Level 5.8 Fighting
 + Level 7.5 Maces & Flails
 + Level 4.0 Dodging
 + Level 0.4 Stealth


You had 5 spell levels left.
You didn't know any spells.

Dungeon Overview and Level Annotations

Branches:
Dungeon (4/15)
 Temple: D:4-7

Altars:
Nemelex Xobeh
Xom

Shops:
D:4 [


Innate Abilities, Weirdness & Mutations

You are too large for most types of armour.
You have tough skin. (AC +1)


Message History

The killer bee barely misses you. The killer bee stings you.
* * * LOW HITPOINT WARNING * * *
You are lethally poisoned!
The killer bee poisons you!
You climb upwards.
* * * LOW HITPOINT WARNING * * *
You feel sick.
There is a stone staircase leading down, spattered with blood here.
A red film seems to cover your vision as you go berserk!
You feel yourself moving faster!
You feel mighty!
You are feeling very hungry.
* * * LOW HITPOINT WARNING * * *
You feel sick. The killer bee stings you.
* * * LOW HITPOINT WARNING * * *
The killer bee stings you.
* * * LOW HITPOINT WARNING * * *
The killer bee stings you.
* * * LOW HITPOINT WARNING * * *
The killer bee stings you!
You die...

############.....# #.# #....
###.........##.....####.###....
#..............................
#..............................
#..........................####
#..........)...............# #
#....######.######'####.##<####
#............).)......#........
##.........).y@y...............
#...........[)[......).##.####
#...)......##(................
#....................#.##.....
#..........##...รท.####.##.....
#..........##............#....
#############............##.##
##.............#............##
####..............#..............


You could see 2 killer bees.

Vanquished Creatures
  Sigmund (D:3)
  An orc wizard (D:4)
  A worker ant (D:3)
  4 gnolls
  6 adders
  2 oozes
  6 worms
  3 dart slugs
  2 leopard geckos
  11 orcs
  4 goblins
  6 hobgoblins
  A quokka (D:3)
  5 bats
  12 kobolds
  6 rats
71 creatures vanquished.

Notes
Turn   | Place    | Note
-------+----------+-------------------------------------------
     0 | D:1      | galech the Ogre Berserker began the quest for the Orb.
     0 | D:1      | Reached XP level 1. HP: 24/24 MP: 1/1
   193 | D:1      | Reached XP level 2. HP: 18/33 MP: 2/2
   806 | D:2      | Reached XP level 3. HP: 37/40 MP: 3/3
  1214 | D:2      | Reached ** piety under Trog
  1405 | D:2      | Reached skill level 5 in Maces & Flails
  1715 | D:2      | Reached XP level 4. HP: 45/49 MP: 4/4
  2478 | D:3      | Reached skill level 5 in Fighting
  2565 | D:3      | Reached XP level 5. HP: 19/57 MP: 5/5
  2808 | D:3      | Noticed Sigmund
  2823 | D:3      | Killed Sigmund
  2823 | D:3      | Reached skill level 6 in Maces & Flails
  2823 | D:3      | Reached XP level 6. HP: 35/66 MP: 6/6
  2979 | D:3      | Reached skill level 7 in Maces & Flails
  3027 | D:3      | Found a sparkling altar of Nemelex Xobeh.
  3428 | D:3      | HP: 4/99 [worker ant (2)]
  3433 | D:3      | HP: 2/99 [poisoned by a worker ant]
  4194 | D:4      | Paralysed by an orc wizard for 7 turns
  4203 | D:4      | Paralysed by an orc wizard for 2 turns
  4417 | D:4      | Found Ceulost's Antique Armour Emporium.
  4457 | D:4      | Found a shimmering altar of Xom.
  4494 | D:3      | HP: 4/100 [killer bee (3)]
  4494 | D:3      | Slain by a killer bee

Skill      XL: |  1  2  3  4  5  6 |
---------------+-------------------+-----
Dodging        | 3 4 |  4.0
Maces & Flails | 5 6 7 |  7.5
Fighting       | 5 |  5.8
Stealth        | |  0.4

Action                   |  1- 3 |  4- 6 || total
-------------------------+-------+-------++-------
Melee: Mace              |    79 |   176 ||   255
Invok: Berserk           |       |     3 ||     3
  Use: Potion            |       |     2 ||     2
  Eat: Chunk             |     2 |    11 ||    13
Armor: Animal skin       |    18 |    35 ||    53
Dodge: Dodged            |    47 |   124 ||   171
